[Event "Late-Titled-Tuesday-Blitz-March-26-2024"]
[Site "Chess.com"]
[Date "2024.03.26"]
[Round "1"]
[White "Andrei_Skvortsov"]
[Black "Veleamater"]
[Result "1/2-1/2"]
[WhiteElo "2711"]
[BlackElo "2407"]
[TimeControl "180+1"]
[EndTime "14:11:22 PDT"]
[Termination "Game drawn - timeout vs insufficient material"]

1. e4 d6 2. Nc3 g6 3. Nf3 Bg7 4. h3 Nf6 5. d4 O-O 6. Bd3 Nc6 7. O-O h6 8. a4 e5 9. Be3 Nd7 10. d5 Ne7 11. Qd2 Kh7 12. Nh2 f5 13. f3 f4 14. Bf2 g5 15. a5 Rf7 16. b4 Bf8 17. g4 fxg3 18. Bxg3 Ng6 19. Ng4 h5 20. Ne3 Nf4 21.
Bxf4 gxf4 22. Nf5 Nf6 23. Kh2 Bxf5 24. exf5 Rg7 25. Rg1 Rg3 26. Rxg3 fxg3+ 27. Kxg3 Bh6 28. Qg2 Qe7 29. Kf2 Rg8 30. Qh1 Bf4 31. Rg1 Kh6 32.
Ne2 Bd2 33. a6 bxa6 34. Rg6+ Rxg6 35. fxg6 Nxd5 36. Qg2 Qh4+ 37. Qg3 Qxg3+ 38. Nxg3 Nxb4 39. Bf5 e4 40. Nxh5 Bc3 41. Ng3 exf3 42. Ne4 Be5 43. Nd2 a5 44. Nc4 a4 45. Kxf3 Bc3 46. h4 d5 47. Na3 a6 48. h5 Bb2 49. Nb1 a3 50.
Nxa3 Bxa3 51. c3 Nc6 52. Be6 Ne7 53. Ke3 Bd6 54. Kd4 c5+ 55. Kd3 Be5 56. Bg4 c4+ 57. Kc2 a5 58. Bf3 Bg7 59. Kb2 Kg5 60. Bd1 Kf4 61.
Ba4 Ke3 62. Kc2 Nf5 63. Bc6 Ke4 64. Bd7 Ke5 65. Kd2 Nd6 66. Kc2 Ne4 67. Bc6 Kd6 68.
Bb7 Nc5 69. Bc8 a4 70. Bg4 a3 71. Bf3 Nd3 72. Kb1 Ke5 73. Ka2 Ne1 74. Bh1 Nc2 75. Bf3 Kf4 76. Bd1 Ne3 77. Be2 Kg3 78. Kxa3 Kf2 79.
h6 Bxh6 80. Bh5 Bg7 81. Kb4 Ke1 82. Bf3 Kd2 83. Bxd5 Nxd5+ 84. Kxc4 Nxc3 85. Kc5 Ke3 86. Kc4 Ne4 87. Kd5 Kf4 88. Ke6 Kg5 89. Kf7 Kh6 90. Ke6 Nf2 91. Kd5 Ng4 92. Kd6 Kg5 93. Kd5 Kxg6 94. Ke6 Kg5 95. Kd5 Be5 96. Ke6 Kf4 97. Kd5 Ne3+ 98. Kc5 Ke4 99. Kb6 Kd5 100. Kb5 Bd4 101. Ka5 Nc4+ 102. Kb4 Nd6 103. Kb3 Ke4 104. Kb4 Kd3 105. Ka5 Kc4 106. Ka6 Kd5 107. Ka5 Bc5 108. Ka6 Kc6 109. Ka5 Nb5 110. Ka4 Nd4 111. Ka5 Kd5 112. Ka6 Kc6 113. Ka5 Nb5 114. Ka4 Nd6 115. Kb3 Kb5 116. Kc3 Nc4 117.
Kd3 Nb2+ 118. Ke4 Kc4 119. Ke5 Bd4+ 120. Ke4 Nd3 121. Kf5 Kd5 122. Kg4 Ke4 123. Kg3 Nf4 124. Kg4 Bf6 125. Kg3 Bd4 126. Kg4 Ne2 127. Kg5 Be5 128. Kg6 Nf4+ 129. Kf7 Kf5 130. Ke7 Ne6 131. Kd7 Nd4 132. Kc8 Ke6 133. Kb7 Bd6 134. Kb6 Kd5 135. Kb7 1/2-1/2

[Event "Late-Titled-Tuesday-Blitz-March-26-2024"]
[Site "Chess.com"]
[Date "2024.03.26"]
[Round "2"]
[White "Zkid"]
[Black "misterlamine"]
[Result "1-0"]
[WhiteElo "2904"]
[BlackElo "2489"]
[TimeControl "180+1"]
[EndTime "14:13:23 PDT"]
[Termination "Zkid won by resignation"]

1. e4 c5 2. Nf3 d6 3. d4 cxd4 4. Nxd4 Nf6 5. Nc3 a6 6. h3 g6 7. g4 Bg7 8. g5 Nfd7 9. Be3 Nc6 10. Qd2 O-O 11. O-O-O Nde5 12. Be2 Nxd4 13. Bxd4 Be6 14. f4 Nc4 15. Bxc4 Bxc4 16. Bxg7 Kxg7 17. Qd4+ 1-0

[Event "Late-Titled-Tuesday-Blitz-March-26-2024"]
[Site "Chess.com"]
[Date "2024.03.26"]
[Round "2"]
[White "Casablanca"]
[Black "artooon"]
[Result "1/2-1/2"]
[WhiteElo "2658"]
[BlackElo "3027"]
[TimeControl "180+1"]
[EndTime "14:13:42 PDT"]
[Termination "Game drawn by repetition"]

1. d4 Nf6 2. Bg5 e6 3. Nd2 h6 4.
Bh4 c5 5. e3 Nc6 6. c3 d5 7.
Ngf3 Be7 8. Bd3 O-O 9. O-O b6 10. Ne5 Nxe5 11. dxe5 Nd7 12. Bg3 Bb7 13. Qg4 Qc7 14.
Nf3 Qc6 15. Bf4 Kh8 16. Qh5 f5 17. Bxh6 gxh6 18. Qxh6+ Kg8 19. Qg6+ Kh8 20. Qh6+ Kg8 21. Qg6+ Kh8 22. Qh6+ 1/2-1/2

[Event "Late-Titled-Tuesday-Blitz-March-26-2024"]
[Site "Chess.com"]
[Date "2024.03.26"]
[Round "2"]
[White "aa175"]
[Black "Veleamater"]
[Result "1-0"]
[WhiteElo "2721"]
[BlackElo "2405"]
[TimeControl "180+1"]
[EndTime "14:13:44 PDT"]
[Termination "aa175 won by resignation"]

1. d4 d6 2. Bf4 g6 3. Nf3 Bg7 4.
e3 Nf6 5. Bd3 O-O 6. h4 h5 7. Ng5 Nc6 8. Nc3 a6 9. f3 b5 10. Nce4 e5 11. dxe5 dxe5 12. Bg3 Nd5 13. c3 Nxe3 14. Qe2 Nf5 15. Bf2 Nh6 16. O-O-O Qe8 17. Bc5 f5 18. Bxf8 Bxf8 19. Nf6+ 1-0

[Event "Late-Titled-Tuesday-Blitz-March-26-2024"]
[Site "Chess.com"]
[Date "2024.03.26"]
[Round "2"]
[White "joksijoksi"]
[Black "Abhishek2"]
[Result "0-1"]
[WhiteElo "2503"]
[BlackElo "2389"]
[TimeControl "180+1"]
[EndTime "14:13:51 PDT"]
[Termination "Abhishek2 won by resignation"]

1. d4 Nf6 2. c4 e6 3. Nf3 d5 4.
Nc3 Bb4 5. Bg5 h6 6. Bxf6 Qxf6 7. e3 O-O 8. Bd3 dxc4 9. Bxc4 c5 10. O-O Bxc3 11. bxc3 Nc6 12. Rc1 Rd8 13. Bd3 e5 14. Bb1 cxd4 15. cxd4 Bg4 16. Re1 exd4 17. exd4 Nxd4 18. Qd3 Nxf3+ 19. gxf3 Rxd3 20. fxg4 0-1

[Event "Late-Titled-Tuesday-Blitz-March-26-2024"]
[Site "Chess.com"]
[Date "2024.03.26"]
[Round "2"]
[White "db-banana"]
[Black "Hauptsache_Gambit"]
[Result "1-0"]
[WhiteElo "2454"]
[BlackElo "2178"]
[TimeControl "180+1"]
[EndTime "14:13:59 PDT"]
[Termination "db-banana won by resignation"]

1. e4 c5 2. Nf3 Nc6 3. d3 g6 4. g3 Bg7 5. Bg2 d6 6. O-O Nf6 7. c3 O-O 8. Re1 e5 9. Nbd2 Re8 10. a4 Qc7 11. Nc4 Be6 12. Ne3 Rad8 13. c4 Nd4 14. Bd2 Ng4 15. Nxd4 Nxe3 16. Nxe6 Nxd1 17. Nxc7 Re7 18. Nd5 Red7 19. Raxd1 1-0

[Event "Late-Titled-Tuesday-Blitz-March-26-2024"]
[Site "Chess.com"]
[Date "2024.03.26"]
[Round "2"]
[White "GoltsevDmitry2000"]
[Black "leandrojimenez"]
[Result "1-0"]
[WhiteElo "2792"]
[BlackElo "2394"]
[TimeControl "180+1"]
[EndTime "14:14:20 PDT"]
[Termination "GoltsevDmitry2000 won by resignation"]

1. e4 e5 2. Nf3 Nc6 3. Bb5 a6 4. Ba4 Nf6 5. O-O b5 6. Bb3 Bc5 7. c3 d6 8. d4 Bb6 9. h3 O-O 10. Bg5 h6 11. Bh4 g5 12. Nxg5 hxg5 13. Bxg5 Kg7 14. Qf3 exd4 15. e5 dxe5 16. Qxc6 Qd6 17. Qxa8 Bg4 18. Bxf6+ Kxf6 19. Qe4 Bf5 20. Qh4+ 1-0

[Event "Late-Titled-Tuesday-Blitz-March-26-2024"]
[Site "Chess.com"]
[Date "2024.03.26"]
[Round "2"]
[White "Sanan_Sjugirov"]
[Black "nindjaxx8"]
[Result "1-0"]
[WhiteElo "3012"]
[BlackElo "2645"]
[TimeControl "180+1"]
[EndTime "14:14:35 PDT"]
[Termination "Sanan_Sjugirov won by resignation"]

1. d4 d5 2. c4 e6 3. Nf3 Nf6 4. Nc3 Be7 5. cxd5 exd5 6. Qc2 O-O 7. Bf4 c6 8. h3 Re8 9. e3 c5 10. dxc5 Nc6 11. Bb5 d4 12. Bxc6 bxc6 13. Nxd4 Ba6 14. Nxc6 Qc8 15. Nxe7+ Rxe7 16. O-O-O h6 17. Rd6 Bb7 18.
Rhd1 Qxc5 19. Rxf6 gxf6 20. Bd6 1-0

[Event "Late-Titled-Tuesday-Blitz-March-26-2024"]
[Site "Chess.com"]
[Date "2024.03.26"]
[Round "2"]
[White "gorgeous1083"]
[Black "PapaieDudu"]
[Result "0-1"]
[WhiteElo "2055"]
[BlackElo "2431"]
[TimeControl "180+1"]
[EndTime "14:14:45 PDT"]
[Termination "PapaieDudu won by resignation"]

1. d4 d5 2. c4 e6 3. Nf3 Nf6 4. Nc3 a6 5. e3 dxc4 6. Bxc4 b5 7. Bd3 c5 8. O-O Nbd7 9. Ne4 Bb7 10. Nxc5 Nxc5 11.
dxc5 Bxc5 12. b3 O-O 13. Bb2 Qe7 14. Nd4 Rfd8 15. Qc2 Rac8 16. Qe2 h6 17. Rfd1 Ba3 18. Rac1 Rxc1 19. Rxc1 Bxb2 20. Qxb2 e5 21. Nf5 Qd7 22. Bb1 Qd1+ 0-1

[Event "Late-Titled-Tuesday-Blitz-March-26-2024"]
[Site "Chess.com"]
[Date "2024.03.26"]
[Round "2"]
[White "MarcoRiehle"]
[Black "Juicy_Fork"]
[Result "0-1"]
[WhiteElo "2774"]
[BlackElo "2553"]
[TimeControl "180+1"]
[EndTime "14:14:51 PDT"]
[Termination "Juicy_Fork won by resignation"]

1. e4 e5 2. Nf3 Nc6 3. Bc4 Nf6 4. d4 exd4 5. O-O Nxe4 6. Nc3 Nd6 7.
Re1+ Be7 8. Nd5 O-O 9. Nxd4 Bf6 10.
Nxc6 dxc6 11. Nxf6+ Qxf6 12. Bd3 Bf5 13. Bxf5 Qxf5 14.
c3 Rfe8 15. Be3 Nc4 16. Qb3 Nxe3 17. fxe3 b6 18. Rad1 Rad8 19. Rxd8 Rxd8 20. Qa3 Rd2 21. Rf1 Qe4 22. Rf2 Rd1+ 0-1

[Event "Late-Titled-Tuesday-Blitz-March-26-2024"]
[Site "Chess.com"]
[Date "2024.03.26"]
[Round "2"]
[White "VladimirBugayev"]
[Black "ChessSwole"]
[Result "1-0"]
[WhiteElo "2399"]
[BlackElo "2663"]
[TimeControl "180+1"]
[EndTime "14:14:51 PDT"]
[Termination "VladimirBugayev won by checkmate"]

1. e4 d6 2. Nc3 Nf6 3. Bc4 g6 4. d3 Bg7 5. f4 O-O 6. Nf3 c5 7. O-O a6 8. a4 Nc6 9. Qe1 e6 10. Bb3 Rb8 11. Qh4 Nd4 12. f5 Nxf3+ 13. Rxf3 exf5 14.
Bg5 h6 15. Bxh6 Ng4 16. Bg5 Bf6 17. Rh3 Bd4+ 18. Kf1 Qxg5 19. Qh7# 1-0

[Event "Late-Titled-Tuesday-Blitz-March-26-2024"]
[Site "Chess.com"]
[Date "2024.03.26"]
[Round "2"]
[White "nj123456"]
[Black "TedBelanoff"]
[Result "1-0"]
[WhiteElo "2469"]
[BlackElo "2193"]
[TimeControl "180+1"]
[EndTime "14:14:55 PDT"]
[Termination "nj123456 won by checkmate"]

1. e4 g5 2. d4 h6 3. Nc3 e6 4. Be3 Bg7 5. h4 Qf6 6. hxg5 hxg5 7. Rxh8 Bxh8 8. e5 Qg7 9. Qh5 Ne7 10. Bxg5 Nf5 11.
Bf6 Qg8 12. Qxh8 Qxh8 13. Bxh8 Nxd4 14. O-O-O Nbc6 15. Bf6 Nf5 16. g4 Nh6 17. g5 Ng4 18. Ne4 Ngxe5 19. Bb5 d5 20. Bxe5 Ke7 21. Bf6+ Kd7 22.
Ng3 a6 23. Bxc6+ bxc6 24. Nf3 a5 25. Ne5+ Kd6 26. Nxf7+ Kd7 27. Ne5+ Kd6 28. Ne4# 1-0

[Event "Late-Titled-Tuesday-Blitz-March-26-2024"]
[Site "Chess.com"]
[Date "2024.03.26"]
[Round "2"]
[White "colegiodemadrid"]
[Black "Cluke86"]
[Result "1-0"]
[WhiteElo "2529"]
[BlackElo "2336"]
[TimeControl "180+1"]
[EndTime "14:15:04 PDT"]
[Termination "colegiodemadrid won by checkmate"]

1. Nf3 d6 2. e4 Nf6 3. Nc3 e5 4. d4 Nbd7 5. g4 Nxg4 6. Rg1 Ngf6 7. Bc4 exd4 8. Nxd4 Ne5 9. Be2 g6 10. f4 Nc6 11.
Be3 Bg7 12. Qd2 d5 13. e5 Ne4 14.
Nxe4 dxe4 15. O-O-O Nxd4 16. Bxd4 Bf5 17. Qb4 Qe7 18. Bc5 Qh4 19. Qxb7 Qxf4+ 20. Kb1 Rd8 21. Bb5+ Bd7 22. Bxd7+ Rxd7 23. Qc8+ Rd8 24. Qxd8# 1-0

[Event "Late-Titled-Tuesday-Blitz-March-26-2024"]
[Site "Chess.com"]
[Date "2024.03.26"]
[Round "2"]
[White "wild3000"]
[Black "dianamirza"]
[Result "1-0"]
[WhiteElo "2426"]
[BlackElo "1979"]
[TimeControl "180+1"]
[EndTime "14:15:06 PDT"]
[Termination "wild3000 won by resignation"]

1. a3 e5 2. e3 d5 3. b4 f5 4. Bb2 Bd6 5. c4 c6 6. Nf3 Qe7 7. d4 e4 8. Ne5 Nf6 9. Nd2 Nbd7 10.
Nxd7 Bxd7 11. Nb3 O-O 12. g3 f4 13. gxf4 Bg4 14. Be2 Bh3 15. Rg1 Kh8 16. Nc5 b6 17. cxd5 bxc5 18. dxc5 Bb8 19. d6 Qe6 20. Qd4 Qd5 21.
Qxd5 Nxd5 22. Bxg7+ Kg8 23. Be5+ Kf7 24. Rg7+ Ke6 25.
Rxh7 1-0

[Event "Late-Titled-Tuesday-Blitz-March-26-2024"]
[Site "Chess.com"]
[Date "2024.03.26"]
[Round "2"]
[White "GlavkonVVS"]
[Black "xxysoul6"]
[Result "0-1"]
[WhiteElo "2645"]
[BlackElo "3015"]
[TimeControl "180+1"]
[EndTime "14:15:11 PDT"]
[Termination "xxysoul6 won by resignation"]

1. c4 Nf6 2. Nc3 g6 3. g3 Bg7 4. Bg2 O-O 5. Nf3 d6 6. d3 e5 7. Rb1 a5 8. a3 c6 9. b4 axb4 10.
axb4 Bf5 11. O-O Re8 12. b5 Qc8 13. bxc6 bxc6 14. Na4 Nbd7 15. Nh4 Be6 16. Nb6 Nxb6 17. Rxb6 d5 18. cxd5 cxd5 19. Bg5 e4 20. Bxf6 Bxf6 21.
dxe4 dxe4 22. Bxe4 Ra1 23. Qd3 Rxf1+ 24. Kxf1 Bh3+ 0-1

[Event "Late-Titled-Tuesday-Blitz-March-26-2024"]
[Site "Chess.com"]
[Date "2024.03.26"]
[Round "2"]
[White "AjedrezenMadrid"]
[Black "TorFredrikKaasen"]
[Result "0-1"]
[WhiteElo "2559"]
[BlackElo "2836"]
[TimeControl "180+1"]
[EndTime "14:15:16 PDT"]
[Termination "TorFredrikKaasen won by resignation"]

1. Nf3 Nf6 2. b3 g6 3. Bb2 Bg7 4. g3 c5 5. Bg2 O-O 6. c4 Nc6 7. O-O d6 8. d4 cxd4 9. Nxd4 Bd7 10.
Nc2 Qc8 11. Nc3 Bh3 12. Ne3 Bxg2 13. Kxg2 b6 14. Rc1 Qb7 15. f3 Rfd8 16. Qd2 e6 17. Rfd1 a6 18. Qe1 b5 19. a4 bxc4 20. Nxc4 Qxb3 21. Rb1 Qxc4 0-1

[Event "Late-Titled-Tuesday-Blitz-March-26-2024"]
[Site "Chess.com"]
[Date "2024.03.26"]
[Round "2"]
[White "emeli_chess"]
[Black "NovakCabarkapa"]
[Result "0-1"]
[WhiteElo "2417"]
[BlackElo "2754"]
[TimeControl "180+1"]
[EndTime "14:15:23 PDT"]
[Termination "NovakCabarkapa won by resignation"]

1. d4 Nf6 2. c4 g6 3. Nc3 Bg7 4. e4 O-O 5. Be3 c6 6. e5 Ne8 7. f4 d6 8. Nf3 Bg4 9. Be2 f6 10. exd6 Nxd6 11. O-O Nd7 12. b3 Nf5 13. Bf2 e5 14. fxe5 Bxf3 15. Bxf3 fxe5 16. d5 Nd4 17.
Be4 Nc5 18. dxc6 bxc6 19. Qg4 Rf4 20. Bxd4 Qxd4+ 0-1

[Event "Late-Titled-Tuesday-Blitz-March-26-2024"]
[Site "Chess.com"]
[Date "2024.03.26"]
[Round "2"]
[White "OparinGrigoriy"]
[Black "CFalcons8"]
[Result "1-0"]
[WhiteElo "2977"]
[BlackElo "2400"]
[TimeControl "180+1"]
[EndTime "14:15:24 PDT"]
[Termination "OparinGrigoriy won by resignation"]

1. Nc3 d5 2. e4 dxe4 3. Nxe4 Bf5 4. Ng3 Bg6 5. h4 h5 6. Nf3 Nd7 7. Bc4 e6 8. d3 Bd6 9. Qe2 Bxg3 10. fxg3 Ngf6 11. Bd2 Nb6 12. Bb3 Qd6 13. O-O-O Qxg3 14. Ne5 Bf5 15. Rdf1 O-O 16. Bf4 Qxf4+ 17. Rxf4 Nbd5 18. Rf2 g6 19. Rhf1 Ng4 20. Nxg4 Bxg4 21. Qe5 Ne7 22. Qxc7 Nf5 23. Qxb7 a5 24. Rxf5 Bxf5 25. a4 Rfc8 26. Kb1 Rab8 27. Qa6 Ra8 28. Qd6 Rd8 29. Qe5 Rab8 30.
Rxf5 exf5 31. Qf6 Rd7 32. Qxg6+ Kf8 33. Qxf5 Re7 34. Qxh5 Re1+ 35. Ka2 Rb7 36. Qxa5 1-0

[Event "Late-Titled-Tuesday-Blitz-March-26-2024"]
[Site "Chess.com"]
[Date "2024.03.26"]
[Round "2"]
[White "RuperezA"]
[Black "Sanyura"]
[Result "1-0"]
[WhiteElo "2452"]
[BlackElo "2575"]
[TimeControl "180+1"]
[EndTime "14:15:30 PDT"]
[Termination "RuperezA won by resignation"]

1. Nf3 Nf6 2. c4 g6 3. d4 d6 4. Nc3 Bg7 5. e4 O-O 6. Be2 e5 7. dxe5 dxe5 8. Qxd8 Rxd8 9. Bg5 Re8 10. Nd5 Nxd5 11. cxd5 c6 12. Bc4 b5 13. Bb3 a5 14. a4 Bb7 15. O-O cxd5 16. Bxd5 Bxd5 17. exd5 b4 18. Rac1 Ra6 19. b3 Rd6 20. Rc5 Nd7 21. Rxa5 Rc8 22. Be7 Rb6 23. Ra7 Nb8 24. d6 Nc6 25. Rc1 Nxa7 26. Rxc8+ Nxc8 27. d7 1-0

[Event "Late-Titled-Tuesday-Blitz-March-26-2024"]
[Site "Chess.com"]
[Date "2024.03.26"]
[Round "2"]
[White "temus_galaktionov"]
[Black "Shiner22"]
[Result "1-0"]
[WhiteElo "2869"]
[BlackElo "2397"]
[TimeControl "180+1"]
[EndTime "14:15:31 PDT"]
[Termination "temus_galaktionov won by resignation"]

1. d4 Nf6 2. c4 e6 3. Nf3 b6 4. g3 Bb7 5. Bg2 Be7 6. Nc3 Ne4 7. Bd2 O-O 8. d5 Nxc3 9. Bxc3 Bf6 10. Rc1 Bxc3+ 11.
Rxc3 d6 12. O-O e5 13. e4 Bc8 14. Ne1 f5 15. f4 Nd7 16. exf5 Rxf5 17. Bh3 Rf8 18.
Be6+ Kh8 19. f5 a5 20. Qh5 Nf6 21. Qh4 Qe7 22. Ng2 c5 23. g4 Ba6 24. g5 Ng8 25. a4 h6 26. Rh3 Bxc4 27. Qxc4 Qxg5 28. Rg3 Qe7 29. Nh4 Rf6 30. Ng6+ Rxg6 31. fxg6 Nf6 32. Qb5 1-0

[Event "Late-Titled-Tuesday-Blitz-March-26-2024"]
[Site "Chess.com"]
[Date "2024.03.26"]
[Round "2"]
[White "m_ezat"]
[Black "BardArtem"]
[Result "0-1"]
[WhiteElo "2551"]
[BlackElo "2822"]
[TimeControl "180+1"]
[EndTime "14:15:35 PDT"]
[Termination "BardArtem won by resignation"]

1. d4 d5 2. c4 e6 3. Nc3 c5 4.
cxd5 cxd4 5. Qxd4 Nc6 6. Qd1 exd5 7. Qxd5 Bd6 8. e4 Nf6 9. Qd1 O-O 10. Nf3 Re8 11.
Bd3 Bg4 12. O-O Bxf3 13. gxf3 Nh5 14. f4 Nxf4 15. Bxf4 Bxf4 16. Qf3 Qh4 17. Rfd1 Ne5 18. Qg2 Re6 19. Kf1 Rg6 20. Qh1 Ng4 0-1

[Event "Late-Titled-Tuesday-Blitz-March-26-2024"]
[Site "Chess.com"]
[Date "2024.03.26"]
[Round "2"]
[White "RichardShtivelband"]
[Black "expii"]
[Result "1-0"]
[WhiteElo "2467"]
[BlackElo "2187"]
[TimeControl "180+1"]
[EndTime "14:15:49 PDT"]
[Termination "RichardShtivelband won by resignation"]

1. e4 c5 2. Nf3 d6 3. d4 cxd4 4. Nxd4 Nf6 5. Nc3 g6 6. Be3 Bg7 7. f3 O-O 8. Qd2 Nc6 9. O-O-O Bd7 10. h4 h5 11. Kb1 Ne5 12. Bg5 Nh7 13. Bh6 Bxh6 14.
Qxh6 e6 15. Ndb5 Bxb5 16. Nxb5 Qf6 17. Nxd6 Rfd8 18. Be2 Nc6 19. Qe3 Nf8 20. g4 hxg4 21. fxg4 Qe5 22. Nc4 Rxd1+ 23. Rxd1 Qg7 24. h5 gxh5 25.
gxh5 Nh7 26. Rg1 1-0

[Event "Late-Titled-Tuesday-Blitz-March-26-2024"]
[Site "Chess.com"]
[Date "2024.03.26"]
[Round "2"]
[White "AlexPapasimakopoulos"]
[Black "UK_23"]
[Result "1-0"]
[WhiteElo "2736"]
[BlackElo "2395"]
[TimeControl "180+1"]
[EndTime "14:15:50 PDT"]
[Termination "AlexPapasimakopoulos won by resignation"]

1. d4 d5 2. c4 c6 3. cxd5 cxd5 4. Bf4 Nf6 5. Nc3 Nc6 6. e3 a6 7.
Bd3 Bg4 8. Nge2 e6 9. O-O Bd6 10.
f3 Bh5 11. Rc1 Bg6 12. Na4 O-O 13. Nc5 Bxc5 14. Rxc5 Bxd3 15. Qxd3 Nd7 16. Rc3 Re8 17.
Rfc1 Nb6 18. b3 Qd7 19. Bg3 Rac8 20. Nf4 Nb4 21. Qd2 a5 22. h3 Rxc3 23. Rxc3 Rc8 24.
a3 Rxc3 25. Qxc3 Qc6 26. Qxc6 Nxc6 27. a4 Nb4 28. Be1 Nc6 29. Nd3 Nd7 30. Kf2 Kf8 31.
Bc3 Ke7 32. e4 Kd6 33. Ke3 b6 34. Bb2 f6 35. Ba3+ Kc7 36. Nf4 Nd8 37. Be7 dxe4 38. Bxd8+ Kxd8 39. Nxe6+ Ke7 40. Nxg7 exf3 41. Kxf3 Kf7 42.
Nf5 Ke6 43. Ke4 h5 44. Ng7+ Kd6 45. Nxh5 f5+ 46. Kxf5 Kd5 47. Nf6+ 1-0

[Event "Late-Titled-Tuesday-Blitz-March-26-2024"]
[Site "Chess.com"]
[Date "2024.03.26"]
[Round "2"]
[White "Kombinator01"]
[Black "CarlosjPineror"]
[Result "0-1"]
[WhiteElo "2393"]
[BlackElo "2724"]
[TimeControl "180+1"]
[EndTime "14:16:02 PDT"]
[Termination "CarlosjPineror won by resignation"]

1. e4 c5 2. Nf3 e6 3. b3 b6 4.
Bb2 Bb7 5. Bd3 a6 6. O-O Nc6 7. Re1 Qc7 8. c4 d6 9. h3 Nf6 10. Nc3 Be7 11. a3 h6 12. Bc2 g5 13. d4 cxd4 14.
Nxd4 Ne5 15. Nf3 Rg8 16. Nxe5 dxe5 17. Qf3 h5 18. Na4 g4 19. hxg4 hxg4 20. Qe3 g3 21.
Kf1 gxf2 22. Qxf2 b5 23. Qb6 Qc8 24. Nc3 Bc5 25. Qa5 Ng4 26. cxb5 Nh2+ 27. Ke2 Rxg2+ 28. Kd1 Qd7+ 29. Kc1 Qd2+ 0-1

[Event "Late-Titled-Tuesday-Blitz-March-26-2024"]
[Site "Chess.com"]
[Date "2024.03.26"]
[Round "2"]
[White "enriquebutti"]
[Black "giomar27"]
[Result "1-0"]
[WhiteElo "2198"]
[BlackElo "2447"]
[TimeControl "180+1"]
[EndTime "14:16:06 PDT"]
[Termination "enriquebutti won by resignation"]

1. d4 g6 2. c4 Bg7 3. Nc3 c5 4. d5 Bxc3+ 5. bxc3 e5 6. e4 d6 7. f4 exf4 8. Bxf4 Qf6 9. Qd2 Nd7 10. Nf3 h6 11. h4 Ne7 12. Bd3 Kd8 13. O-O Kc7 14.
Rae1 Ne5 15. Nxe5 dxe5 16. Bg5 Qd6 17. Bxh6 f5 18. exf5 gxf5 19. Bg7 Ng6 20. Bxh8 Nxh8 21. Bxf5 Bxf5 22. Rxf5 Rg8 23. Rfxe5 Ng6 24. Rg5 Rh8 25.
Re6 1-0

[Event "Late-Titled-Tuesday-Blitz-March-26-2024"]
[Site "Chess.com"]
[Date "2024.03.26"]
[Round "2"]
[White "dennisodessa"]
[Black "SuanFernandes"]
[Result "1-0"]
[WhiteElo "2521"]
[BlackElo "2307"]
[TimeControl "180+1"]
[EndTime "14:16:07 PDT"]
[Termination "dennisodessa won by resignation"]

1. d4 d5 2. c4 e6 3. Nc3 Nf6 4. cxd5 exd5 5. Bg5 c6 6. e3 Be7 7. Bd3 h6 8. Bh4 O-O 9. h3 Re8 10. Qc2 Nbd7 11. Nf3 Ne4 12. Bxe7 Qxe7 13. Bxe4 dxe4 14. Nd2 Nf6 15. O-O Bf5 16. f4 Nd5 17. Nxd5 cxd5 18.
Rac1 Rac8 19. Qa4 a6 20. Nb3 Qh4 21. Kh2 Red8 22. Qa5 Rxc1 23. Rxc1 Bxh3 24. g3 Qf6 25. Kxh3 1-0

[Event "Late-Titled-Tuesday-Blitz-March-26-2024"]
[Site "Chess.com"]
[Date "2024.03.26"]
[Round "2"]
[White "kinga2008"]
[Black "Janh4"]
[Result "1-0"]
[WhiteElo "2450"]
[BlackElo "2166"]
[TimeControl "180+1"]
[EndTime "14:16:10 PDT"]
[Termination "kinga2008 won by resignation"]

1. e4 c6 2. c4 d5 3. exd5 Nf6 4. d4 cxd5 5. Nc3 Nc6 6. Be3 a6 7. cxd5 Nxd5 8. Bc4 Be6 9. Nxd5 Bxd5 10. Bxd5 Qxd5 11.
Qf3 Rd8 12. Qxd5 Rxd5 13. Ne2 e6 14. O-O-O Be7 15. Nc3 Rd7 16. d5 exd5 17. Nxd5 Nb4 18. Nxe7 Rxe7 19. Bc5 Rc7 20. Rhe1+ 1-0

[Event "Late-Titled-Tuesday-Blitz-March-26-2024"]
[Site "Chess.com"]
[Date "2024.03.26"]
[Round "2"]
[White "Statham_01"]
[Black "eljanov"]
[Result "0-1"]
[WhiteElo "2603"]
[BlackElo "2901"]
[TimeControl "180+1"]
[EndTime "14:16:17 PDT"]
[Termination "eljanov won by resignation"]

1. e4 c6 2. d4 d5 3. f3 e6 4. Nc3 Bb4 5. a3 Bxc3+ 6. bxc3 b6 7. Nh3 Ne7 8. Be3 O-O 9. Nf2 Qc7 10. Be2 Ba6 11.
Nd3 Nd7 12. O-O c5 13. Bf4 Qc6 14. dxc5 Nxc5 15. Nb4 Qb7 16. Nxa6 Nxa6 17. Bd6 Nc5 18. Rb1 Qd7 19. Bxc5 bxc5 20. Bb5 Qc7 21. exd5 Nxd5 22. Qe1 c4 23. Ba6 Rab8 24. Qd2 Rb6 25. Rxb6 Qxb6+ 0-1

[Event "Late-Titled-Tuesday-Blitz-March-26-2024"]
[Site "Chess.com"]
[Date "2024.03.26"]
[Round "2"]
[White "Keks2017"]
[Black "promen1999"]
[Result "0-1"]
[WhiteElo "2558"]
[BlackElo "2835"]
[TimeControl "180+1"]
[EndTime "14:16:19 PDT"]
[Termination "promen1999 won by resignation"]

1. g3 e5 2. Bg2 d5 3. d3 c6 4.
Nf3 Bd6 5. O-O Nf6 6. c3 O-O 7. Qc2 h6 8. Nbd2 Re8 9. e4 Nbd7 10. b3 Nf8 11. a3 a5 12. Bb2 Ng6 13. Rfe1 Be6 14. b4 b5 15. d4 axb4 16. cxb4 Nxe4 17. Nxe4 dxe4 18. Nxe5 Bd5 19. Nxg6 fxg6 20. Bxe4 Rxe4 21. Rxe4 Qf6 22. Rae1 Rf8 23. Qe2 Bxe4 24.
Qxe4 Qxf2+ 25. Kh1 Qxb2 26. Qe6+ Kh7 27. Qxd6 Rf2 28.
g4 Qc3 0-1

[Event "Late-Titled-Tuesday-Blitz-March-26-2024"]
[Site "Chess.com"]
[Date "2024.03.26"]
[Round "2"]
[White "Azerichess"]
[Black "stolencandy13"]
[Result "1-0"]
[WhiteElo "3040"]
[BlackElo "2655"]
[TimeControl "180+1"]
[EndTime "14:16:25 PDT"]
[Termination "Azerichess won by checkmate"]

1. d4 Nf6 2. Bg5 Ne4 3. Bf4 d5 4. e3 c5 5. Nd2 Bf5 6. Bd3 cxd4 7.
exd4 Nc6 8. Ngf3 e6 9. O-O Nxd2 10. Qxd2 Bxd3 11. Qxd3 Bd6 12. Bd2 O-O 13. c3 Rb8 14. Ng5 g6 15. Rae1 Be7 16. Qg3 Bf6 17. h4 Ne7 18. h5 Nf5 19. Qg4 Nh6 20. Qf4 Bxg5 21.
Qxg5 Qxg5 22. Bxg5 Nf5 23. g4 Ng7 24. h6 Ne8 25.
Be7 b5 26. f4 Nc7 27. Bxf8 Kxf8 28. f5 Ke7 29. fxg6 hxg6 30. g5 Rh8 31. Kg2 Ne8 32.
a4 bxa4 33. Ra1 Nd6 34. Rxa4 Ne4 35. Rxa7+ Kd6 36. Rfxf7 Nxg5 37. Ra6# 1-0

[Event "Late-Titled-Tuesday-Blitz-March-26-2024"]
[Site "Chess.com"]
[Date "2024.03.26"]
[Round "2"]
[White "BilicVladimir"]
[Black "Hirna2005"]
[Result "1-0"]
[WhiteElo "2641"]
[BlackElo "2298"]
[TimeControl "180+1"]
[EndTime "14:16:25 PDT"]
[Termination "BilicVladimir won by resignation"]

1. Nf3 g6 2. c4 Bg7 3. d4 d6 4. Nc3 Bg4 5. e3 Nc6 6. Be2 e5 7. Nxe5 dxe5 8. Bxg4 exd4 9. exd4 Qxd4 10. O-O Nge7 11.
Be3 Qxd1 12. Raxd1 f5 13. Bf3 O-O 14. Nd5 Nxd5 15.
Bxd5+ Kh8 16. Bxc6 bxc6 17. b3 Rf7 18. g3 a5 19. Rd3 a4 20. Rfd1 axb3 21. axb3 h6 22. Rd7 Ra1 23. Rxf7 Rxd1+ 24. Kg2 Be5 25. f4 Bd6 26. c5 Kg8 27. Rd7 Rd3 28. cxd6 cxd6 29. Kf2 Rxb3 30. Rxd6 Rb2+ 31. Kf3 Rxh2 32. Rxg6+ Kh7 33.
Rxc6 h5 34. Rf6 h4 35. gxh4 Rxh4 36. Rxf5 Rh3+ 37. Ke4 1-0